 Dungeon Crawl Stone Soup version 0.29.0-4-gdea44cf6ec (webtiles) character file.

Game seed: 9409440609296752868

61 qw the Chopper (level 4, 0/26 HPs)
             Began as a Tengu Warper on Aug 28, 2022.
             Slain by a gnoll
             ... wielding a +0 halberd
              (2 damage)
             ... on level 2 of the Dungeon.
             The game lasted 00:00:08 (1617 turns).

qw the Chopper (Tengu Warper)                       Turns: 1617, Time: 00:00:09

Health: 0/26       AC:  5    Str: 13    XL:     4   Next: 7%
Magic:  8/8        EV: 11    Int: 13    God:
Gold:   86         SH:  0    Dex: 14    Spells: 7/7 levels left

rFire   . . .      SeeInvis .   Y - +0 hand axe
rCold   . . .      Faith    .   (no shield)
rNeg    . . .      Spirit   .   l - +0 ring mail
rPois   .          Reflect  .   (helmet restricted)
rElec   .          Harm     .   (no cloak)
rCorr   .          Rampage  .   (no gloves)
Will    .....                   (boots unavailable)
Stlth   +.........              (no amulet)
HPRegen 0.08/turn               (no ring)
MPRegen 0.11/turn               (no ring)

@: no status effects
A: beak, talons 3
a: no special abilities


You were on level 2 of the Dungeon.
You visited 1 branch of the dungeon, and saw 2 of its levels.

You collected 86 gold pieces.


Innate Abilities, Weirdness & Mutations

You have a beak for a mouth.
You have claws for feet.


   Skills:
 - Level 2.0 Fighting
 + Level 4.6 Axes
 - Level 1.0 Throwing
 - Level 1.1 Armour
 - Level 2.1 Dodging
 - Level 2.0 Spellcasting
 - Level 2.4 Translocations


You had 7 spell levels left.
You didn't know any spells.
Your spell library contained the following spells:

 Spells                   Type           Power      Damage    Failure   Level
 Blink                    Tloc           14%        N/A       30%         2
 Gell's Gravitas          Tloc           7%         N/A       52%         3
 Lesser Beckoning         Tloc           7%         N/A       52%         3
 Teleport Other           Tloc           7%         N/A       52%         3
 Manifold Assault         Tloc           7%         N/A       99%         5

Inventory:

Hand Weapons
 i - a +0 whip
 Y - a +0 hand axe (weapon)
Armour
 b - a +0 plate armour
 l - a +0 ring mail (worn)
Scrolls
 k - a scroll of identify
Potions
 a - a potion of attraction {unknown}
 f - a potion of mutation {unknown}
 h - a potion of curing {unknown}
 j - a potion of degeneration {unknown}

Dungeon Overview and Level Annotations

Branches:
Dungeon (2/15)

Altars:
Fedhas

Annotations:
D:1 2 transporters


Message History

The kobold barely misses you.
A gnoll comes into view. It is wielding a +0 halberd.
You barely miss the kobold. Your kick misses the kobold.
Your peck misses the kobold.
The kobold is moderately wounded.
The kobold misses you.
You barely miss the kobold. You claw the kobold.
You kill the kobold!
You closely miss the gnoll. Your kick misses the gnoll.
The gnoll barely misses you.
You hit the gnoll. Your peck misses the gnoll.
The gnoll is lightly wounded.
The gnoll barely misses you. The gnoll misses you.
The gnoll hits you with a +0 club. The gnoll barely misses you.
You hit the gnoll. Your kick misses the gnoll.
The gnoll is moderately wounded.
The gnoll closely misses you. The gnoll hits you but does no damage.
You completely miss the gnoll.
The gnoll is moderately wounded.
The gnoll barely misses you.
You hit the gnoll.
The gnoll is heavily wounded.
The gnoll hits you from afar with a +0 halberd.
The gnoll hits you with a +0 club.
You completely miss the gnoll.
The gnoll is heavily wounded.
The gnoll closely misses you. x2
You closely miss the gnoll. Your kick misses the gnoll.
The gnoll is heavily wounded.
The gnoll hits you from afar with a +0 halberd.
The gnoll hits you with a +0 club.
You slash the gnoll!
You kill the gnoll!
The gnoll misses you.
You have reached level 4!
You feel agile. The gnoll hits you with a +0 halberd.
Items here: %% ( )).
You closely miss the gnoll. The gnoll hits you with a +0 halberd.
You die...

######.#
.......#
########
########## #
........<# .#
########.#####
###.
#.......<...#
#..
##.#####.###.#
#g# # ...#
#.###.###@#.#
####
#.........).#
#############


You could see a gnoll.

Vanquished Creatures
  An adder (D:2)
  A gnoll (D:2)
  A dart slug (D:1)
  3 ball pythons
  3 endoplasms (D:1)
  A giant cockroach (D:1)
  5 goblins
  3 hobgoblins (D:1)
  4 jackals (D:1)
  5 bats (D:1)
  A frilled lizard (D:1)
  8 kobolds
  4 rats
40 creatures vanquished.

Notes
Turn   | Place    | Note
-------+----------+-------------------------------------------
     0 | D:1      | qw the Tengu Warper began the quest for the Orb.
     0 | D:1      | Reached XP level 1. HP: 12/12 MP: 4/4
     0 | D:1      | 0 ||| qw: Version: 0.1-a-89-g26bdef1
     0 | D:1      | 0 ||| qw: Game counter: 1827
     0 | D:1      | 0 ||| qw: Always use a shield: true
     0 | D:1      | 0 ||| qw: God list: Okawaru
     0 | D:1      | 0 ||| qw: Allow faded altars: false
     0 | D:1      | 0 ||| qw: Do Orc after D:15 true
     0 | D:1      | 0 ||| qw: Do second Lair branch before Depths: true
     0 | D:1      | 0 ||| qw: Lair rune preference: random
     0 | D:1      | 0 ||| qw: Plans: Normal
     0 | D:1      | 0 ||| PLANNING D:1-11
    28 | D:1      | 28 ||| Stepping ~*~*~tactically~*~*~ (stealth).
    29 | D:1      | 29 ||| Stepping ~*~*~tactically~*~*~ (stealth).
    31 | D:1      | 31 ||| Stepping ~*~*~tactically~*~*~ (stealth).
    36 | D:1      | 36 ||| Stepping ~*~*~tactically~*~*~ (stealth).
   142 | D:1      | Reached skill level 3 in Axes
   142 | D:1      | Reached XP level 2. HP: 17/17 MP: 6/6
   387 | D:1      | 387 ||| Stepping ~*~*~tactically~*~*~ (stealth).
   390 | D:1      | 390 ||| Stepping ~*~*~tactically~*~*~ (stealth).
   393 | D:1      | 393 ||| Stepping ~*~*~tactically~*~*~ (stealth).
   492 | D:1      | 492 ||| Stepping ~*~*~tactically~*~*~ (stealth).
   493 | D:1      | 493 ||| Stepping ~*~*~tactically~*~*~ (stealth).
   501 | D:1      | 501 ||| Stepping ~*~*~tactically~*~*~ (stealth).
   502 | D:1      | 502 ||| Stepping ~*~*~tactically~*~*~ (stealth).
   504 | D:1      | 504 ||| Stepping ~*~*~tactically~*~*~ (stealth).
   509 | D:1      | Reached XP level 3. HP: 21/21 MP: 7/7
   713 | D:1      | 713 ||| Stepping ~*~*~tactically~*~*~ (stealth).
   722 | D:1      | Reached skill level 4 in Axes
   725 | D:1      | 725 ||| Stepping ~*~*~tactically~*~*~ (stealth).
   951 | D:1      | 951 ||| UPGRADING to +0 ring mail.
   961 | D:1      | 961 ||| DROPPING +0 leather armour.
   962 | D:1      | 962 ||| READING scroll labelled NERUAF ODWEU.
   966 | D:1      | 966 ||| READING 3 scrolls labelled IPAOCH VIGITO.
   967 | D:1      | 967 ||| READING 3 scrolls labelled EMUDUGOLAR.
   968 | D:1      | 968 ||| READING 2 scrolls of identify.
   968 | D:1      | 968 ||| IDENTIFYING clear potion
   969 | D:1      | 969 ||| DROPPING scroll of blinking.
   970 | D:1      | 970 ||| DROPPING potion of invisibility.
   971 | D:1      | 971 ||| DROPPING 2 scrolls of poison.
   972 | D:1      | 972 ||| Stepping randomly (stuck).
   973 | D:1      | 973 ||| Stepping ~*~*~tactically~*~*~ (cloud).
   975 | D:1      | HP: 5/21 [poisoned by you (poison gas)]
   978 | D:1      | HP: 2/21 [poisoned by you (poison gas)]
  1280 | D:2      | 1280 ||| STAIRDANCE
  1492 | D:2      | 1492 ||| FLEEEEING.
  1545 | D:2      | Found a blossoming altar of Fedhas.
  1614 | D:2      | HP: 5/21 [gnoll/+0 club (2)]
  1616 | D:2      | Reached XP level 4. HP: 7/26 MP: 8/8
  1616 | D:2      | HP: 2/26 [gnoll/+0 halberd (5)]
  1617 | D:2      | Slain by a gnoll

Levels and vault maps discovered:
D:1:      spicycebolla_arrival_transporter_tutorial, layout_basic
D:2:      layout_loops_ring, shapermc_ecumenical_altar_petra, basic_altar,
          minmay_misc_feat_ornament, minmay_pentomino_r4

Skill      XL: |  1  2  3 |
---------------+----------+-----
Axes           | 3 4 |  4.6
Fighting       | |  2.0
Throwing       | |  1.0
Armour         | |  1.1
Dodging        | |  2.1
Spellcasting   | |  2.0
Translocations | |  2.4

Action                   |  1- 3 |  4- 6 || total
-------------------------+-------+-------++-------
Melee: Hand axe          |    85 |     1 ||    86
       Kick              |    14 |       ||    14
       Peck              |    10 |       ||    10
Throw: Boomerang         |     7 |       ||     7
  Use: Scroll            |     4 |       ||     4
Armor: Leather armour    |    20 |       ||    20
       Ring mail         |    10 |       ||    10
Dodge: Dodged            |    47 |       ||    47

Table legend:
 A = Non-vault XP
 B = Vault XP
 C = Vault XP percentage of total XP
 D = Non-vault monster count
 E = Vault monster count
 F = Vault count percentage of total count
                 A         B        C        D         E       F
            +---------+---------+-------+---------+---------+-------
      Total |      88 |       0 |   0.0 |      40 |       0 |   0.0
            +---------+---------+-------+---------+---------+-------
        D:1 |      51 |       0 |   0.0 |      31 |       0 |   0.0
        D:2 |      37 |       0 |   0.0 |       9 |       0 |   0.0
            +---------+---------+-------+---------+---------+-------
